 Dungeon Crawl Stone Soup version 0.19.0-2-gae57169 (webtiles) character file.

899 lorenzova the Skirmisher (level 7, -3/66 HPs)
             Began as a Minotaur Berserker on Nov 5, 2016.
             Was an Elder of Trog.
             Slain by an orc warrior
             ... wielding a +0 trident
              (17 damage)
             ... on level 6 of the Dungeon.
             The game lasted 00:08:12 (4115 turns).

lorenzova the Skirmisher (Minotaur Berserker)       Turns: 4115, Time: 00:08:13

Health: -3/66      AC:  9    Str: 23    XL:     7   Next: 79%
Magic:  6/6        EV: 12    Int:  4    God:    Trog [****..]
Gold:   237        SH:  3    Dex: 10    Spells: 0 memorised, 6 levels left

rFire  . . .     SeeInvis .     t - +1 whip "Quicvymo" {freeze, rElec}
rCold  . . .     Gourm    .     q - +0 ring mail
rNeg   . . .     Faith    .     m - +0 buckler
rPois  .         Spirit   .     (helmet restricted)
rElec  +         Reflect  .     F - +2 cloak
rCorr  +         Harm     .     (no gloves)
MR     .....                    (no boots)
Stlth  ..........               (no amulet)
                                v - ring of resist corrosion
                                s - ring of flight

@: no status effects
A: retaliatory headbutt, horns 2
a: Berserk, Trog's Hand, Brothers in Arms, Burn Spellbooks, Renounce Religion,
Evoke Flight


You were on level 6 of the Dungeon.
You worshipped Trog.
Trog was greatly pleased with you.
You were near starving.

You visited 1 branch of the dungeon, and saw 6 of its levels.

You collected 237 gold pieces.

Inventory:

Hand Weapons
 a - a +0 hand axe
 t - the +1 whip "Quicvymo" (weapon) {freeze, rElec}
   (You found it on level 5 of the Dungeon)

   It has been specially enchanted to freeze those struck by it, causing extra
   injury to most foes and up to half again as much damage against particularly
   susceptible opponents.
   It can also slow down cold-blooded creatures.
   It insulates you from electricity.
Armour
 m - a +0 buckler (worn)
 q - a +0 ring mail (worn)
 A - a -2 leather armour
 F - a +2 cloak (worn)
Jewellery
 s - a ring of flight (left hand)
 v - a ring of resist corrosion (right hand)
 B - an uncursed ring of magical power
 D - a +2 ring of intelligence
Wands
 w - a wand of acid (15/15)
Scrolls
 d - 2 scrolls of noise
 f - a scroll of fear
 g - 3 scrolls of enchant armour
 n - 2 scrolls of magic mapping
 o - 2 scrolls of amnesia
 r - a scroll of teleportation {unknown}
 y - a scroll of enchant weapon {unknown}
 z - a scroll of blinking {unknown}
 E - a scroll of recharging
 G - a scroll of identify
Potions
 b - a potion of cancellation {unknown}
 e - a potion of flight {unknown}
 i - 3 potions of curing {unknown}
 j - a potion of beneficial mutation {unknown}
 l - 3 potions of might {unknown}
 u - a potion of brilliance {unknown}
 x - 2 potions of agility {unknown}
 H - 2 potions of ambrosia {unknown}
Comestibles
 c - 5 bread rations
 h - a slice of pizza
 k - 3 beef jerkies
 p - 3 meat rations
 C - 12 fruits


   Skills:
 + Level 7.0 Fighting
 - Level 3.6 Axes
 + Level 6.5 Armour
 + Level 6.1 Dodging


You had 6 spell levels left.
You didn't know any spells.

Dungeon Overview and Level Annotations

Branches:
Dungeon (6/15)             Temple (0/1) D:5

Altars:
Ashenzari
Dithmenos
Elyvilon
Nemelex Xobeh
Okawaru
Qazlal
Ru
Xom
Zin
The Shining One


Innate Abilities, Weirdness & Mutations

You reflexively headbutt those who attack you in melee.
You have a pair of horns on your head.


Message History

Your headbutt misses the orc warrior.
The orc warrior is severely wounded.
You barely miss the orc warrior.
The orc warrior is severely wounded.
The orc warrior hits you with a trident!
You barely miss the orc warrior.
The orc warrior is severely wounded.
The orc warrior barely misses you.
You hit the orc warrior but do no damage.
The orc warrior is severely wounded.
The orc warrior hits you with a trident!
* * * LOW HITPOINT WARNING * * *
You are too injured to fight recklessly!
You are too injured to fight recklessly!
You are too injured to fight recklessly!
You are too injured to fight recklessly!
You hit the orc warrior. You freeze the orc warrior.
The orc warrior is almost dead.
The orc warrior hits you with a trident!
You die...

###
#+#####..
#.......
##......
#......
#...))#
#...o@######
#....)(#...#
#......(...#
##....##<..#
#######...#
#....#
#....#
#....#
#....#


You could see an orc warrior.

Vanquished Creatures
  A phantom (D:4)
  2 ogres
  A scorpion (D:4)
  A howler monkey (D:5)
  3 crimson imps
  A bullfrog zombie (D:5)
  A centaur zombie (D:6)
  A hound (D:6)
  A jelly (D:5)
  A bullfrog skeleton (D:5)
  2 orc wizards (D:6)
  A centaur skeleton (D:6)
  7 adders
  A shadow imp (D:3)
  8 worms
  3 dart slugs
  5 leopard geckos
  18 orcs
  2 ball pythons (D:1)
  2 giant cockroaches
  8 goblins
  8 hobgoblins
  11 jackals
  5 kobolds
  3 quokkas
  8 bats
  5 frilled lizards
  5 rats
115 creatures vanquished.

Notes
Turn   | Place    | Note
-------+----------+-------------------------------------------
     0 | D:1      | lorenzova the Minotaur Berserker began the quest for the Orb.
     0 | D:1      | Reached XP level 1. HP: 19/19 MP: 0/0
   223 | D:1      | Reached XP level 2. HP: 27/27 MP: 1/1
   829 | D:2      | Reached skill level 4 in Fighting
  1154 | D:2      | Reached XP level 3. HP: 30/33 MP: 2/2
  1380 | D:2      | Reached ** piety under Trog
  1486 | D:2      | Reached XP level 4. HP: 40/40 MP: 3/3
  1900 | D:3      | Found an iron altar of Okawaru.
  1900 | D:3      | Found a shadowy altar of Dithmenos.
  1993 | D:3      | Found a shattered altar of Ashenzari.
  2001 | D:3      | Found a stormy altar of Qazlal.
  2001 | D:3      | Found a shimmering altar of Xom.
  2007 | D:3      | Reached XP level 5. HP: 38/47 MP: 4/4
  2149 | D:3      | Reached *** piety under Trog
  2161 | D:3      | You fall through a shaft for 3 floors!
  2192 | D:6      | Reached skill level 5 in Fighting
  2215 | D:6      | Noticed an ogre
  2225 | D:6      | Killed an ogre
  2225 | D:6      | Reached XP level 6. HP: 19/56 MP: 5/5
  2225 | D:6      | Reached skill level 5 in Armour
  2491 | D:5      | Entered Level 5 of the Dungeon
  2671 | D:5      | Got a dazzling whip
  2672 | D:5      | Identified the cursed +1 whip "Quicvymo" {freeze, rElec} (You found it on level 5 of the Dungeon)
  2686 | D:5      | Found a staircase to the Ecumenical Temple.
  2715 | D:5      | Reached skill level 5 in Dodging
  2866 | D:5      | Reached skill level 6 in Fighting
  2866 | D:5      | Reached XP level 7. HP: 54/63 MP: 6/6
  2906 | D:5      | Found a sacrificial altar of Ru.
  3407 | D:4      | Found a glowing golden altar of the Shining One.
  3408 | D:4      | Found a glowing silver altar of Zin.
  3411 | D:4      | Found a white marble altar of Elyvilon.
  3594 | D:4      | Found a sparkling altar of Nemelex Xobeh.
  3681 | D:4      | Reached **** piety under Trog
  4105 | D:6      | Reached skill level 7 in Fighting
  4115 | D:6      | Slain by an orc warrior

Skill      XL: |  1  2  3  4  5  6  7 |
---------------+----------------------+-----
Armour         | 3 4 5 6 |  6.5
Fighting       | 4 5 6 7 |  7.0
Dodging        | 3 4 5 6 |  6.1
Axes           | |  3.6

Action                   |  1- 3 |  4- 6 |  7- 9 || total
-------------------------+-------+-------+-------++-------
Melee: Hand axe          |    91 |    99 |       ||   190
       Headbutt          |    14 |    25 |    26 ||    65
       Whip              |       |    22 |    99 ||   121
Invok: Berserk           |       |     1 |     1 ||     2
  Use: Scroll            |       |     7 |       ||     7
  Eat: Chunk             |     2 |     2 |       ||     4
       Fruit             |       |     8 |       ||     8
Armor: Animal skin       |    11 |       |       ||    11
       Leather armour    |     5 |       |       ||     5
       Ring mail         |     3 |    47 |    15 ||    65
Dodge: Dodged            |    49 |    63 |    58 ||   170
Block: Buckler           |     6 |    24 |    15 ||    45
